 Seeded DCSS version 0.30-a0-371-gad7725a93e (webtiles) character file.

Game seed: 12460970759821053352 (custom seed)

52 innerfire433 the Poker (level 3, -3/29 HPs)
             Began as a Demonspawn Monk on Nov 22, 2022.
             Slain by a gnoll
             ... wielding a +0 spear
              (9 damage)
             ... on level 2 of the Dungeon.
             The game lasted 00:02:12 (1128 turns).

innerfire433 the Poker (Demonspawn Monk)            Turns: 1128, Time: 00:02:12

Health: -3/29      AC:  3    Str: 13    XL:     3   Next: 60%
Magic:  3/3        EV: 13    Int: 19    God:
Gold:   67         SH:  0    Dex: 15    Spells: 2/2 levels left

rFire   . . .      SeeInvis .    a - +0 spear
rCold   . . .      Faith    .    (no shield)
rNeg    . . .      Spirit   .    b - +0 robe
rPois   .          Reflect  .    (no helmet)
rElec   .          Harm     .    (no cloak)
rCorr   .          Rampage  .    (no gloves)
Will    .....                    k - +0 pair of boots
Stlth   ++........               e - amulet of magic regeneration
HPRegen 0.24/turn                i - +6 ring of intelligence
MPRegen 0.48/turn                (no ring)

@: about to teleport
A: big brain 1
a: no special abilities


You were on level 2 of the Dungeon.
You visited 1 branch of the dungeon, and saw 2 of its levels.

You collected 67 gold pieces.

Inventory:

Hand Weapons
 a - a +0 spear (weapon)
 d - a +2 vorpal spear
Armour
 b - a +0 robe (worn)
 k - a +0 pair of boots (worn)
Jewellery
 e - an amulet of magic regeneration (around neck)
 i - a +6 ring of intelligence (left hand)
Scrolls
 g - a scroll of immolation {unknown}
 h - a scroll of enchant weapon {unknown}
 j - 2 scrolls of identify {unknown}
 l - a scroll of noise {unknown}
Potions
 c - a potion of ambrosia
 m - a potion of heal wounds
 n - 2 potions of curing {unknown}


   Skills:
 + Level 3.3 Fighting
 * Level 3.4 Polearms
 * Level 3.3 Dodging
 - Level 1.7 Stealth


You had 2 spell levels left.
You didn't know any spells.
Your spell library was empty.

Dungeon Overview and Level Annotations

Branches:
Dungeon (2/15)

Altars:


Innate Abilities, Weirdness & Mutations

You have an unusually large brain. (Int +2)


Message History

Press: ? - help, Dir - move target, f/p - gnoll
Aim: a gnoll, wielding a +2 vorpal spear (moderately wounded, about 34% to evade your +0 spear)
You reach to attack!
You hit the gnoll.
The gnoll is severely wounded.
The gnoll completely misses you.
Reach: a) +0 spear
Press: ? - help, Dir - move target, f/p - gnoll
Aim: a gnoll, wielding a +2 vorpal spear (severely wounded, about 34% to evade your +0 spear)
You reach to attack!
You hit the gnoll.
You kill the gnoll!
Your transformation is almost over.
You feel less wooden.
Your +0 pair of boots unmelds from your body.
Your +0 robe unmelds from your body. 2 gnolls come into view.
The gnoll shouts!
You hear a shout!
You hear an angry hiss. x2
You see here a +2 vorpal spear.
d - a +2 vorpal spear The gnoll closely misses you.
You hit the gnoll but do no damage. The gnoll hits you with a +0 flail!
* * * LOW HITPOINT WARNING * * *
A gnoll comes into view. It is wielding a +0 spear.
The gnoll closely misses you.
You hit the gnoll.
The gnoll is moderately wounded.
The gnoll closely misses you. The gnoll barely misses you.
As you read the scroll labelled QOUXAJEAG LIKI, it crumbles to dust.
You feel strangely unstable.
It was a scroll of teleportation.
The gnoll barely misses you. x2
It was a potion of heal wounds.
You feel much better.
The gnoll closely misses you. x2; The gnoll hits you with a +0 whip.
A quokka comes into view.
The gnoll closely misses you. The gnoll barely misses you.
The gnoll hits you with a +0 whip.
You closely miss the gnoll. The gnoll barely misses you. x2
The gnoll hits you with a +0 whip.
You hit the gnoll but do no damage. The gnoll hits you with a +0 flail!
* * * LOW HITPOINT WARNING * * *
The gnoll hits you with a +0 spear!
You die...

.......##.#
#.<.#.###.# #.#
....#.# #.# #.#
......###†# #.#
..........#####.##
#.########........
#.# #####.####.##
# #.# #.....#
#g##.##### #†#
#.##### #.@g.....r
#.# #.# #g##.#####
#.# #.# #.# ..
#.####.########(#
##
#......##....<..#
..........#######
##.######## #.#
#.#


You could see 3 gnolls and a quokka (wandering).

Vanquished Creatures
  A gnoll (D:2)
  An adder (D:2)
  A dart slug (D:1)
  2 ball pythons
  3 endoplasms (D:2)
  2 giant cockroaches
  9 goblins
  A hobgoblin (D:1)
  2 quokkas (D:1)
  3 bats
  2 frilled lizards (D:2)
  A kobold (D:2)
  A rat (D:2)
29 creatures vanquished.

Notes
Turn   | Place    | Note
-------+----------+-------------------------------------------
     0 | D:1      | innerfire433 the Demonspawn Monk began the quest for the
                  | Orb.
     0 | D:1      | Reached XP level 1. HP: 18/18 MP: 1/1
   238 | D:1      | Gained mutation: You have an unusually large brain. (Int
                  | +2) [demonic ancestry]
   238 | D:1      | Reached XP level 2. HP: 24/24 MP: 2/2
   746 | D:2      | Reached XP level 3. HP: 25/29 MP: 3/3
  1128 | D:2      | Slain by a gnoll

Illustrated notes

Levels and vault maps discovered:
D:1:      ncdulo_watergridlock, layout_loops_ring,
          minmay_misc_feat_secret_circle
D:2:      layout_loops_ring, serial_bayou_pond_e

Skill      XL: |  1  2 |
---------------+-------+-----
Polearms       | 3 |  3.4
Dodging        | 3 |  3.3
Fighting       | |  3.3
Stealth        | |  1.7

Action                   || total
-------------------------++-------
Melee: Spear             ||   107
       Punch             ||     1
  Use: Potion            ||     2
       Scroll            ||     1
 Stab: Sleeping          ||     7
Armor: Robe              ||    19
       Skin              ||     1
Dodge: Dodged            ||    56

Table legend: (Time is in decaauts)
 A = Elapsed time spent in this place.
 B = Non-inter-level travel time spent in this place.
 C = Inter-level travel time spent in this place.
 D = Time resting spent in this place.
 E = Time spent auto-exploring this place.
 F = Levels seen in this place.
 G = Mean time per level.
                   A        B        C        D        E       F      G
               +--------+--------+--------+--------+--------+-----+--------+
         Total |   1123 |   1068 |     55 |      0 |    768 |   2 |  561.5 |
       Dungeon |   1123 |   1068 |     55 |      0 |    768 |   2 |  561.5 |
               +--------+--------+--------+--------+--------+-----+--------+

Top non-repeatable levels by time:
     D:1: 652 daAuts
     D:2: 470 daAuts
